 Dungeon Crawl Stone Soup version 0.23-a0-643-g9ccc95a (webtiles) character file.

130168 zishaf the Blocker (level 17, -2/122 (123) HPs)
             Began as a Human Wanderer on Dec 31, 2018.
             Was the Champion of Hepliaklqana.
             Killed from afar by an ice dragon (43 damage)
             ... with a blast of cold
             ... on level 14 of the Dungeon on Jan 1, 2019.
             The game lasted 01:49:55 (36438 turns).

zishaf the Blocker (Human Wanderer)                Turns: 36438, Time: 01:49:55

HP:   -2/122 (123)  AC: 19    Str: 21    XL:     17   Next: 63%
MP:   9/27          EV: 17    Int: 17    God:    Hepliaklqana [******]
Gold: 2233          SH: 17    Dex:  8    Spells: 12/29 levels left

rFire    + + .     SeeInvis +   a - +9 war axe "Ziuw" {speed, rF++ MR+ SInv}
rCold    . . .     Gourm    +   B - +4 shield {reflect}
rNeg     . . .     Faith    .   z - +3 ring mail {rPois}
rPois    +         Spirit   .   O - +1 helmet
rElec    .         Reflect  +   t - +0 cloak
rCorr    .         Harm     .   q - +0 pair of gloves
MR       ++++.                  g - +2 pair of boots
Stlth    ..........             w - amulet of Xom's Malicious Joy {Gourm MR++ Str+4 Dex-3}
HPRegen  0.30/turn              H - +3 ring of evasion
MPRegen  0.20/turn              F - +2 ring of protection

@: no status effects
A: reduced essence
a: Recall Ancestor, Ancestor Identity, Transference, Idealise, Renounce Religion


You were on level 14 of the Dungeon.
You worshipped Hepliaklqana.
Hepliaklqana was exalted by your worship.
You were very full.

You visited 4 branches of the dungeon, and saw 24 of its levels.
You also visited: Ice Cave.

You collected 2881 gold pieces.
You spent 648 gold pieces at shops.

Inventory:

Hand Weapons
 a - the +9 war axe "Ziuw" (weapon) {speed, rF++ MR+ SInv}
   (You found it on level 8 of the Dungeon)

   Attacks with this weapon are significantly faster.
   It greatly protects you from fire.
   It affects your resistance to hostile enchantments.
   It lets you see invisible.
 h - the +4 short sword "Pups" {pierce, rElec rC+ Str+3 Dex+3}
   (You found it on level 11 of the Dungeon)

   It inflicts extra damage upon your enemies.
   It affects your strength (+3).
   It affects your dexterity (+3).
   It protects you from cold.
   It insulates you from electricity.
Armour
 g - a +2 pair of boots (worn)
 q - a +0 pair of gloves (worn)
 t - a +0 cloak (worn)
 z - a +3 ring mail of poison resistance (worn)
 B - a +4 shield of reflection (worn)
 O - a +1 helmet (worn)
Jewellery
 w - the amulet of Xom's Malicious Joy (around neck) {Gourm MR++ Str+4 Dex-3}
   (You found it on level 13 of the Dungeon)

   [amulet of the gourmand]

   It allows you to eat raw meat even when not hungry.
   It affects your strength (+4).
   It affects your dexterity (-3).
   It affects your resistance to hostile enchantments.
 F - a +2 ring of protection (right hand)
 H - a +3 ring of evasion (left hand)
 M - an uncursed ring of wizardry
 Y - an uncursed ring of protection from cold
Wands
 b - a wand of acid (7)
 d - a wand of disintegration (23)
 y - a wand of scattershot (6)
 I - a wand of digging (14)
 N - a wand of enslavement (9)
 V - a wand of iceblast (26)
 X - a wand of paralysis (6)
Scrolls
 e - 11 scrolls of remove curse
 j - 3 scrolls of fear
 m - 5 scrolls of magic mapping
 r - 11 scrolls of teleportation
 s - 4 scrolls of amnesia
 u - a scroll of blinking
 A - a scroll of brand weapon
 J - 3 scrolls of enchant armour
 K - 5 scrolls of fog
 L - 3 scrolls of silence
 P - 4 scrolls of enchant weapon
 T - 2 scrolls of immolation
 U - 2 scrolls of holy word
 Z - 8 scrolls of identify
Potions
 c - 3 potions of lignification
 i - 3 potions of heal wounds
 k - 7 potions of curing
 l - 4 potions of might
 n - a potion of berserk rage
 o - 3 potions of resistance
 p - 2 potions of brilliance
 v - a potion of invisibility
 x - 2 potions of cancellation
 D - 3 potions of flight
 E - 5 potions of haste
 Q - 4 potions of magic
 W - 2 potions of ambrosia
Miscellaneous
 C - a phantom mirror
 G - a fan of gales
 R - a phial of floods
Comestibles
 f - 37 rations
 S - 7 chunks of flesh


   Skills:
 + Level 13.3 Fighting
 + Level 11.0 Axes
 - Level 6.0 Armour
 - Level 8.2 Dodging
 * Level 13.5 Shields
 + Level 6.6 Spellcasting
 - Level 6.0 Conjurations
 - Level 2.0 Charms
 - Level 8.0 Summonings
 - Level 9.0 Translocations
   Level 1.0 Transmutations
 - Level 6.0 Air Magic
 - Level 4.1 Poison Magic
 - Level 8.0 Invocations
 + Level 6.2 Evocations


You had 12 spell levels left.
You knew the following spells:

 Your Spells              Type           Power        Failure   Level  Hunger
a - Magic Dart            Conj           ####         1%          1    None
b - Call Imp              Summ           ####....     1%          2    None
c - Blink                 Tloc           N/A          1%          2    None
d - Shroud of Golubria    Chrm/Tloc      ###.......   3%          2    None
e - Passage of Golubria   Tloc           N/A          5%          4    ####...
f - Conjure Flame         Conj/Fire      ###.....     19%         3    ##.....
z - Mephitic Cloud        Conj/Pois/Air  ###.....     8%          3    ##.....

Your spell library contained the following spells:

 Spells                   Type           Power        Failure   Level  Hunger
 Apportation              Tloc           #####.       1%          1    None
 Summon Butterflies       Summ           ####....     1%          1    None
 Summon Small Mammal      Summ           ####         1%          1    None
 Gell's Gravitas          Tloc           #####.....   1%          3    ##.....
 Lesser Beckoning         Tloc           #####.....   1%          3    ##.....
 Teleport Other           Tloc           #####...     1%          3    ##.....
 Sting                    Conj/Pois      ###.         2%          1    None
 Call Canine Familiar     Summ           ####....     2%          3    ##.....
 Dazzling Spray           Conj/Hex       ###...       19%         3    ##.....
 Animate Skeleton         Necr           N/A          22%         1    None
 Confusing Touch          Hex            #.....       22%         1    None
 Corona                   Hex            #......      22%         1    None
 Ensorcelled Hibernation  Hex/Ice        #.....       32%         2    None
 Slow                     Hex            #.......     32%         2    None
 Summon Ice Beast         Ice/Summ       ###.....     38%         4    ####...
 Confuse                  Hex            #.......     54%         3    ##.....
 Tukima's Dance           Hex            #.......     54%         3    ##.....
 Summon Mana Viper        Hex/Summ       ###.....     75%         5    #####..
 Shadow Creatures         Summ           N/A          77%         6    #######
 Ice Form                 Ice/Tmut       #.......     87%         4    ####...
 Silence                  Hex/Air        ###.......   87%         5    #####..
 Borgnjor's Vile Clutch   Necr/Erth      #.........   99%         5    #####..
 Metabolic Englaciation   Hex/Ice        #.........   99%         5    #####..
 Bolt of Cold             Conj/Ice       ###.......   100%        6    #######
 Darkness                 Hex            #.........   100%        6    #######
 Freezing Cloud           Conj/Ice/Air   ###.......   100%        6    #######
 Ozocubu's Refrigeration  Ice            #.........   100%        6    #######
 Simulacrum               Ice/Necr       #.........   100%        6    #######
 Summon Hydra             Summ           ####......   100%        7    #######


Dungeon Overview and Level Annotations

Branches:
Dungeon (15/15)            Temple (1/1) D:6            Lair (6/6) D:10
 Shoals (0/4) Lair:2       Spider (0/4) Lair:3        Slime (0/5) Lair:6
    Orc (2/2) D:10            Elf (0/3) Orc:2        Vaults (0/5) D:14
 Depths (0/5) D:15

Altars:
Ashenzari
Cheibriados
Dithmenos
Elyvilon
Fedhas
Gozag
Hepliaklqana
Kikubaaqudgha
Makhleb
Nemelex Xobeh
Okawaru
Qazlal
Ru
Sif Muna
Trog
Uskayaw
Vehumet
Wu Jian
Xom
Yredelemnul
Zin
The Shining One
Jiyva

Shops:
D:5 ?   D:7 (   D:14 (   D:15 (   Orc:2 !*(=[([

Annotations:
D:4 exclusion: downstairs
D:7 exclusion: ancestor
D:10 exclusion: downstairs
D:11 exclusion: 4 doors


Message History

The stinking cloud engulfs the death knight.
Nenetl barely misses the death knight.
The death knight is engulfed in noxious fumes.
The death knight appears confused.
The death knight hits the ice dragon with a +3 great mace of pain!!
The ice dragon writhes in agony.
Nenetl hits the death knight with a +0 quarterstaff!
The death knight is engulfed in noxious fumes.
The death knight hits Nenetl with a +3 great mace of pain!!
You are no longer corroded.
The ice dragon breathes frost at you. The blast of cold hits you!
Ouch! That really hurt!
Nenetl hits the death knight but does no damage.
The death knight is engulfed in noxious fumes.
The death knight appears confused.
The death knight hits Nenetl with a +3 great mace of pain!
The ice dragon breathes frost at you. The blast of cold hits you!
You die...

####### ##..................
...[..# #..................
#####.# ##.........)....[..
#[# ###............... #.#
################ #.########
##############
#..#.....###...[Dz○☼.....
##.#.....##.......Rp.....
#.#.....##.@############
#.......##..################
#.....####.....§......((....
#.....# ##.........÷(......
##.[..# ##################
#....# ###################
#....####>..............5..
###......###......)......).5.
#.......(# ##################


You could see the friendly Nenetl the battlemage, an ice dragon, a death knight
(confused) and a skeletal warrior.

Vanquished Creatures
  A sphinx (D:14)
  Kirke (Lair:4)
  A storm dragon (D:14)
  A frost giant (IceCv)
  A very ugly thing (D:14)
  The ghost of dcgrp the Cleaver, a journeyman MiFi of Okawaru (D:11)
  6 hydras
  An ice dragon (D:14)
  2 vault guards (D:14)
  4 centaur warriors
  4 catoblepae
  A tengu warrior (D:15)
  An ogre mage (Orc:1)
  8 two-headed ogres
  A titan zombie (D:15)
  6 death yaks
  2 fire crabs
  2 unseen horrors
  A phantasmal warrior (D:14)
  A lindwurm (Lair:4)
  2 wolf spider zombies
  2 ugly things
  3 orc knights
  A necromancer (D:15)
  3 manticores
  A deep elf mage (D:14)
  3 cyclopes
  A tengu skeleton (D:15)
  2 orc sorcerers
  A black mamba (Lair:5)
  7 elephants
  2 spiny frogs
  A gargoyle (D:10)
  2 kobold demonologists (D:14)
  4 rime drakes
  3 komodo dragons
  A guardian mummy (D:14)
  A komodo dragon (shapeshifter) (D:14)
  4 trolls
  A tengu conjurer (D:14)
  A queen bee (D:11)
  A meliai (D:11)
  5 polar bears (IceCv)
  2 hornets
  3 slime creatures (D:13)
  A blink frog (Lair:5)
  5 dream sheep
  5 hippogriffs
  2 vampires
  2 wyverns
  A shadow (D:14)
  3 wraiths
  4 hogs
  22 yaks
  A fire bat (Lair:5)
  6 humans (D:14)
  2 vampire mosquitoes (D:14)
  A tengu zombie (D:15)
  Edmund (D:5)
  4 wargs
  An acid dragon (D:14)
  4 water moccasins
  A hell hound (Lair:5)
  4 porcupines
  2 ice beasts
  2 black bears
  21 orc warriors
  3 eyes of draining
  3 sky beasts
  23 ogres
  14 wolves
  4 phantoms
  4 centaurs
  4 boggarts (D:15)
  2 big kobolds
  8 crocodiles
  11 bullfrogs
  A gnoll sergeant (D:8)
  A wyvern zombie (D:7)
  A water moccasin skeleton (D:12)
  4 scorpions
  A wyvern skeleton (D:10)
  14 killer bees
  2 wights (D:12)
  A howler monkey (D:7)
  An electric eel (Lair:4)
  A jelly (D:8)
  2 bullfrog zombies
  2 centaur zombies
  10 crimson imps
  2 quasits (D:10)
  11 orc priests
  2 hounds
  Terence (D:2)
  2 bullfrog skeletons
  6 centaur skeletons
  4 iguanas
  9 orc wizards
  6 hell rats
  4 worker ants
  An ancestor (D:8)
  A hound skeleton (D:11)
  5 gnolls
  7 adders
  3 shadow imps
  3 oozes
  An adder zombie (D:7)
  A worm (D:1)
  2 dart slugs
  2 leopard geckos (D:3)
  60 orcs
  5 giant cockroaches
  2 goblins
  4 hobgoblins
  6 jackals
  15 kobolds
  3 quokkas
  A ball python (D:2)
  6 bats
  2 frilled lizards (D:2)
  A leopard gecko zombie (D:7)
  5 rats
  2 fungi (Lair:6)
  4 plants
504 creatures vanquished.

Vanquished Creatures (collateral kills)
  Gastronok (Lair:2)
  Frances (D:13)
  Donald (Orc:2)
  A spark wasp (Lair:1)
  Josephine (Lair:4)
  3 ogre magi (Orc:2)
  A yaktaur captain (D:14)
  5 hydras
  A centaur warrior (D:14)
  9 two-headed ogres
  10 death yaks
  A tengu warrior (D:15)
  Nergalle (Lair:4)
  Sonja (D:11)
  2 skeletal warriors (D:14)
  A wizard (D:14)
  3 lindwurms (Lair:4)
  2 orc knights (D:15)
  3 manticores
  8 ugly things
  A cyclops (D:12)
  2 oklob plants (Lair:1)
  A frost giant zombie (D:15)
  3 elephants
  7 black mambas
  A centaur zombie (D:14)
  5 spiny frogs
  A rime drake (D:13)
  An efreet (D:14)
  8 komodo dragons
  A freezing wraith (D:14)
  A tengu conjurer (D:10)
  4 trolls
  10 polar bears
  A slime creature (D:13)
  6 hippogriffs
  6 dream sheep
  A meliai zombie (D:14)
  A centaur simulacrum (D:14)
  2 wraiths
  A dancing weapon (D:11)
  3 fire elementals (Lair:5)
  2 basilisks
  21 yaks
  2 hogs (Lair:4)
  4 humans (D:14)
  A hungry ghost (D:15)
  A vampire mosquito (D:14)
  3 acid dragons
  3 water moccasins
  4 porcupines
  10 orc warriors
  An ice beast (D:14)
  A sky beast (D:6)
  8 ogres
  A phantom (D:14)
  A boggart (D:15)
  3 centaurs
  7 wolves
  7 crocodiles
  3 big kobolds
  9 bullfrogs
  A wyvern zombie (D:12)
  A scorpion (D:4)
  6 wights
  8 killer bees
  An electric eel (Lair:4)
  2 jellies
  A hound (D:9)
  9 orc wizards
  A centaur skeleton (D:8)
  An iguana (D:12)
  4 hell rats
  3 worker ants
  3 gnolls
  8 adders
  A shadow imp (D:13)
  An adder skeleton (D:5)
  4 worms
  A leopard gecko (D:4)
  20 orcs
  A ball python (D:2)
  A bat (D:3)
  3 giant cockroaches
  A hobgoblin (D:2)
  11 jackals
  2 frilled lizards (D:3)
  8 kobolds
  A bush (Lair:5)
  A fungus (Lair:5)
  4 plants
324 creatures vanquished.

Vanquished Creatures (others)
  4 centaur warriors
  A deep elf mage (D:14)
  A manticore (D:15)
  3 polar bears (IceCv)
  A troll (D:14)
  4 centaurs (D:15)
  28 battlemagi
  2 ancestors
  An orc (Orc:2)
  A kobold (D:14)
  15 fungi
  12 plants
  2 withered plants (D:15)
75 creatures vanquished.

Grand Total: 903 creatures vanquished

Notes
Turn   | Place    | Note
-------+----------+-------------------------------------------
     0 | D:1      | zishaf the Human Wanderer began the quest for the Orb.
     0 | D:1      | zishaf set off with the following items: a potion of
                  | lignification, a +0 robe, a +0 club, a ration; and the
                  | following spells available to memorise: Magic Dart, Sting,
                  | Blink, Call Imp, Slow, Mephitic Cloud, Conjure Flame
     0 | D:1      | Reached XP level 1. HP: 13/13 MP: 6/6
     2 | D:1      | Learned a level 1 spell: Magic Dart
   254 | D:1      | Reached XP level 2. HP: 2/20 MP: 0/8
   565 | D:1      | Learned a level 2 spell: Call Imp
  1132 | D:1      | Reached skill level 1 in Fighting
  1132 | D:1      | Reached skill level 1 in Dodging
  1132 | D:1      | Reached XP level 3. HP: 9/26 MP: 0/9
  1362 | D:2      | Reached skill level 1 in Summonings
  1504 | D:2      | Noticed Terence
  1516 | D:2      | Killed Terence
  1622 | D:2      | Reached XP level 4. HP: 25/32 MP: 7/11
  2092 | D:2      | Learned a level 2 spell: Blink
  2939 | D:3      | Reached XP level 5. HP: 34/37 MP: 7/12
  3087 | D:3      | Found an opulent altar of Gozag.
  3087 | D:3      | Found a faded altar of an unknown god.
  3092 | D:3      | Found a white marble altar of Elyvilon.
  3094 | D:3      | Found a faded altar of an unknown god.
  3095 | D:3      | Found a radiant altar of Vehumet.
  3111 | D:3      | Became a worshipper of Elyvilon the Healer
  3133 | D:3      | You fall through a shaft!
  3148 | D:4      | Fell from the grace of Elyvilon
  3590 | D:3      | Found a sacrificial altar of Ru.
  3973 | D:4      | Found a stormy altar of Qazlal.
  4089 | D:4      | Reached skill level 1 in Translocations
  4211 | D:5      | Entered Level 5 of the Dungeon
  4278 | D:5      | Reached XP level 6. HP: 23/44 MP: 4/13
  4305 | D:4      | HP: 2/44 [poisoned by a scorpion]
  4313 | D:4      | HP: 1/44 [poisoned by a scorpion]
  4631 | D:5      | Noticed a phantom
  4721 | D:5      | Learned a level 3 spell: Mephitic Cloud
  5218 | D:5      | Reached skill level 1 in Armour
  5723 | D:5      | Killed a phantom
  5723 | D:5      | Reached XP level 7. HP: 51/51 MP: 9/14
  5796 | D:5      | Found Plog's Magic Scroll Boutique.
  5849 | D:5      | Got a pair of warped gloves
  5860 | D:5      | Identified the cursed -1 pair of gloves of Qeluacaq {-Tele
                  | rPois rC+ Dex+4} (You found it on level 5 of the Dungeon)
  5997 | D:5      | Reached skill level 1 in Air Magic
  6287 | D:6      | Noticed Edmund
  6437 | D:5      | Killed Edmund
  6799 | D:6      | Found a blossoming altar of Fedhas.
  6856 | D:6      | Reached XP level 8. HP: 49/57 MP: 6/15
  7294 | D:6      | Found a staircase to the Ecumenical Temple.
  7299 | Temple   | Entered the Ecumenical Temple
  7411 | Temple   | Became a worshipper of Nemelex Xobeh the Trickster
  7442 | D:6      | Received a gift from Nemelex Xobeh
  7555 | D:6      | Found a hazy altar of Hepliaklqana.
  7587 | D:6      | Found a burning altar of Makhleb.
  7626 | D:6      | Fell from the grace of Nemelex Xobeh
  7626 | D:6      | Became a worshipper of Hepliaklqana the Forgotten
  7860 | D:7      | Reached skill level 1 in Invocations
  7938 | D:7      | Found Duenapyt's Antique Weapon Emporium.
  8104 | D:7      | You fall through a shaft!
  8121 | D:8      | Noticed a two-headed ogre
  8144 | D:8      | Got a faintly glowing war axe
  8145 | D:8      | Identified the +9 war axe "Ziuw" {speed, rF++ MR+ SInv}
                  | (You found it on level 8 of the Dungeon)
  8164 | D:8      | Reached XP level 9. HP: 58/58 MP: 9/16
  8164 | D:8      | Noticed a two-headed ogre
  8179 | D:8      | Killed a two-headed ogre
  8242 | D:8      | Killed a two-headed ogre
  8347 | D:7      | Reached skill level 1 in Axes
  8383 | D:7      | Reached * piety under Hepliaklqana
  8771 | D:7      | Reached XP level 10. HP: 27/65 MP: 17/17
  9147 | D:8      | Reached skill level 5 in Translocations
  9239 | D:8      | Reached skill level 5 in Conjurations
  9239 | D:8      | Reached skill level 5 in Summonings
  9277 | D:8      | Learned a level 2 spell: Shroud of Golubria
  9699 | D:8      | Learned a level 4 spell: Passage of Golubria
  9733 | D:9      | Reached skill level 1 in Charms
  9820 | D:9      | Reached ** piety under Hepliaklqana
  9823 | D:9      | Remembered your ancestor Nenetl as a battlemage
  9851 | D:9      | Reached skill level 5 in Fighting
 10519 | D:10     | Entered Level 10 of the Dungeon
 10542 | D:10     | Reached skill level 5 in Armour
 10741 | D:10     | Found a staircase to the Lair.
 10747 | D:10     | Reached XP level 11. HP: 68/72 MP: 9/18
 11155 | D:10     | Found a glowing silver altar of Zin.
 11172 | D:10     | Found a staircase to the Orcish Mines.
 11184 | D:10     | Reached *** piety under Hepliaklqana
 11896 | D:11     | Noticed Sonja
 11921 | D:11     | Killed Sonja
 12090 | D:11     | Noticed a purple ugly thing
 12098 | D:11     | Killed a purple ugly thing
 12204 | D:11     | Noticed dcgrp's ghost (journeyman MiFi)
 12214 | D:11     | Found a transporter.
 12218 | D:11     | Found a transporter.
 12253 | D:11     | Noticed a cyan ugly thing
 12266 | D:11     | Killed a cyan ugly thing
 12474 | D:11     | Noticed a cyclops
 12517 | D:11     | Killed a cyclops
 12517 | D:11     | Reached skill level 5 in Axes
 12990 | Lair:1   | Entered Level 1 of the Lair of Beasts
 13379 | Lair:1   | Reached skill level 5 in Invocations
 13603 | Lair:1   | Reached XP level 12. HP: 81/81 MP: 11/19
 13691 | Lair:1   | Noticed a fire crab
 13691 | Lair:1   | Noticed a spark wasp
 14209 | D:12     | Reached **** piety under Hepliaklqana
 14272 | D:12     | Noticed an unseen horror
 14287 | D:12     | Killed an unseen horror
 14750 | D:5      | Bought a scroll of immolation for 35 gold pieces
 14750 | D:5      | Bought a scroll of acquirement for 520 gold pieces
 14751 | D:5      | Got a pair of fine gloves
 14762 | D:5      | Identified the -5 pair of gloves of Cuwnole {rF+ MR+ Int+2}
                  | (You acquired it on level 5 of the Dungeon)
 15439 | D:13     | Found a frozen archway.
 15457 | D:13     | Got a scorched zirconium amulet
 15459 | D:13     | Identified the amulet of Xom's Malicious Joy {Gourm MR++
                  | Str+4 Dex-3} (You found it on level 13 of the Dungeon)
 15485 | IceCv    | Entered an ice cave
 15516 | IceCv    | Reached skill level 5 in Air Magic
 15852 | IceCv    | Reached skill level 5 in Dodging
 16474 | IceCv    | Reached XP level 13. HP: 63/88 MP: 15/20
 16790 | IceCv    | Was forgiven by Nemelex Xobeh
 17053 | IceCv    | Noticed a frost giant
 17134 | IceCv    | Learned a level 3 spell: Conjure Flame
 17398 | IceCv    | Killed a frost giant
 18225 | D:13     | Noticed Frances
 18238 | D:13     | Killed Frances
 18742 | Orc:1    | Entered Level 1 of the Orcish Mines
 19386 | Orc:2    | Entered Level 2 of the Orcish Mines
 19411 | Orc:2    | Found Raddokk's Assorted Antiques.
 19788 | Orc:2    | Noticed Donald
 19935 | Orc:2    | Found Moelles's Distillery.
 19937 | Orc:2    | Noticed an ogre mage
 20426 | Orc:1    | Reached XP level 14. HP: 33/97 MP: 21/21
 20933 | Orc:2    | Killed Donald
 20940 | Orc:2    | Reached skill level 10 in Fighting
 21354 | Orc:2    | Found Hautikodgh's Antique Weapon Emporium.
 21354 | Orc:2    | Found Ikkul's Jewellery Shop.
 21355 | Orc:2    | Found Zyotut's Antique Weapon Shoppe.
 21355 | Orc:2    | Found Soesch's Armour Shop.
 21383 | Orc:2    | Reached skill level 5 in Shields
 21579 | Orc:2    | Bought a +0 cloak for 63 gold pieces
 21602 | Orc:2    | Found Luffejom's Antique Armour Emporium.
 21603 | Orc:2    | Found a staircase to the Elven Halls.
 22363 | Orc:2    | Bought a scroll labeled UREEXE LAQA for 30 gold pieces
 22791 | Lair:1   | Killed a spark wasp
 23240 | Lair:2   | Reached ***** piety under Hepliaklqana
 23285 | Lair:2   | Found a staircase to the Shoals.
 23314 | Lair:2   | Noticed Gastronok
 23334 | Lair:2   | Killed Gastronok
 24548 | Lair:3   | Found a hole to the Spider Nest.
 24646 | Lair:2   | Reached skill level 10 in Axes
 24693 | Lair:3   | Reached XP level 15. HP: 100/105 MP: 22/22
 25825 | Lair:4   | Noticed Josephine
 25836 | Lair:4   | Killed Josephine
 26087 | Lair:4   | Noticed Kirke
 26519 | Lair:4   | Noticed Nergalle
 26538 | Lair:4   | Killed Nergalle
 26622 | Lair:4   | Got an ichor-stained falchion
 26623 | Lair:4   | Identified the +7 falchion of Valour {speed, SInv} (You
                  | found it on level 4 of the Lair of Beasts)
 26983 | Lair:4   | Killed Kirke
 27024 | Lair:4   | Found an iron altar of Okawaru.
 27628 | Lair:5   | Found a transporter.
 27663 | Lair:5   | Found a transporter.
 27773 | Lair:5   | Reached skill level 10 in Shields
 29039 | Lair:5   | Reached ****** piety under Hepliaklqana
 29831 | Lair:5   | Reached XP level 16. HP: 95/114 MP: 15/23
 30020 | Lair:6   | Entered Level 6 of the Lair of Beasts
 31065 | Lair:6   | Found a viscous altar of Jiyva.
 31065 | Lair:6   | Found a staircase to the Slime Pits.
 32121 | D:11     | Killed dcgrp's ghost
 32137 | D:11     | Got an iridescent short sword
 32167 | D:11     | Identified the +4 short sword "Pups" {pierce, rElec rC+
                  | Str+3 Dex+3} (You found it on level 11 of the Dungeon)
 32643 | D:14     | Found Cenuff's Antique Weapon Shoppe.
 32959 | D:14     | Found a gate to the Vaults.
 34006 | D:13     | Reached skill level 5 in Evocations
 34085 | D:14     | Reached XP level 17. HP: 121/121 MP: 25/25
 34126 | D:14     | Noticed a sphinx
 34222 | D:14     | Killed a sphinx
 34516 | D:14     | Noticed a storm dragon
 34537 | D:14     | Killed a storm dragon
 34928 | D:15     | Entered Level 15 of the Dungeon
 36006 | D:15     | Found Ushaefub's Antique Weapon Boutique.
 36053 | D:15     | Found a staircase to the Depths.
 36438 | D:14     | Killed from afar by an ice dragon

Vault maps used:
D:1:      dpeg_arrival_tiny_b, wad_floor_pattern_2, serial_bayou_lagoon_b
D:2:      uniq_terence
D:3:      hangedman_ru_absence, chequers_temple_overflow_minitemple,
          first_ration
D:4:      nicolae_qazlal_general_emergency
D:5:      serial_shops, kennysheep_little_box
D:6:      lightli_temple_of_fire, kennysheep_mini,
          minmay_temple_entry_butterflies, fedhas_altar_2, uniq_edmund
D:7:      serial_shops, shop
D:10:     erik_lair_orcish_takeover, orc_0_dummy, basic_altar, grunt_tengu_nest,
          st_stairs_8
D:11:     gammafunk_ghost_hive, uniq_sonja
D:13:     portal_ice_cave_rime, uniq_frances
D:14:     minmay_nested_s, ximxim_vaults_locker_room,
          chequers_serial_rivers_micro_a, serial_shops, nicolae_shop_waterfront
D:15:     gammafunk_depths_entry_grave, serial_shops, nicolae_shop_statue_plus
Temple:   regret_index_temple_waves
Lair:1:   minmay_lair_oklob_chamber, grunt_megastairs_1
Lair:2:   minmay_shoals_entry_beasts, infiniplex_staircase_pool_2,
          grunt_megastairs_4, uniq_gastronok
Lair:3:   spider_nest_entry_web_field, nicolae_quartered_pool_little
Lair:4:   basic_altar, minmay_lindwurm_lava, lemuel_fruit_fields,
          serial_bayou_shore_a, uniq_josephine, uniq_nergalle, uniq_kirke
Lair:5:   gammafunk_cloud_chamber, nzn_random_ring
Lair:6:   evilmike_catoblepas_cave, dpeg_slime_entry_enclosed_altar,
          grunt_megastairs_5, lemuel_fruit_fields
Orc:2:    st_orc_ogre_mass, serial_shops, nicolae_shop_waterfront, shop, shop,
          nicolae_orc_rockfall, uniq_donald
IceCv:    ice_cave_caverns_03

Skill      XL: |  1  2  3  4  5  6  7  8  9 10 11 12 13 14 15 16 17 |
---------------+----------------------------------------------------+-----
Fighting       | 1 2 3 4 5 7 8 9 10 12 13 | 13.3
Dodging        | 1 2 3 5 7 8 |  8.2
Summonings     | 1 2 3 4 5 7 8 |  8.0
Conjurations   | 2 3 4 5 6 |  6.0
Translocations | 1 2 3 4 6 7 8 9 |  9.0
Armour         | 1 3 4 5 6 |  6.0
Air Magic      | 1 2 3 4 5 6 |  6.0
Poison Magic   | 2 3 4 |  4.1
Invocations    | 2 3 5 8 |  8.0
Shields        | 4 7 10 12 13 | 13.5
Axes           | 1 3 5 6 8 10 11 | 11.0
Charms         | 2 |  2.0
Evocations     | 2 4 5 6 |  6.2
Spellcasting   | 6 |  6.6
Transmutations | |  1.0

Action                   |  1- 3 |  4- 6 |  7- 9 | 10-12 | 13-15 | 16-18 || total
-------------------------+-------+-------+-------+-------+-------+-------++-------
Melee: Club              |    42 |   121 |       |       |       |       ||   163
       Rapier            |       |    53 |    87 |       |       |       ||   140
       Scimitar          |       |       |    52 |       |       |       ||    52
       War axe           |       |       |    48 |   514 |   676 |   683 ||  1921
 Fire: Hunting sling     |       |    13 |       |     1 |       |       ||    14
 Cast: Magic Dart        |    27 |    33 |     2 |       |    22 |     4 ||    88
       Call Imp          |     8 |    75 |    79 |   115 |   158 |    73 ||   508
       Blink             |       |       |     1 |       |       |       ||     1
       Mephitic Cloud    |       |       |     3 |    13 |    15 |     6 ||    37
       Shroud of Golubri |       |       |       |     9 |       |       ||     9
       Conjure Flame     |       |       |       |       |     2 |     1 ||     3
       Passage of Golubr |       |       |       |       |     2 |     1 ||     3
Invok: Renounce Religion |       |     1 |       |       |       |       ||     1
       Recall Ancestor   |       |       |     1 |     2 |     6 |       ||     9
       Ancestor Life: Ba |       |       |       |     1 |       |       ||     1
       Idealise          |       |       |       |       |       |     2 ||     2
       Transference      |       |       |       |       |       |     1 ||     1
Evoke: Wand              |       |       |       |     1 |    12 |     7 ||    20
       Phial of floods   |       |       |       |       |     1 |       ||     1
  Use: Scroll            |       |     1 |    13 |    12 |    17 |     2 ||    45
       Potion            |       |       |     5 |       |     3 |     2 ||    10
 Stab: Sleeping          |     1 |     2 |       |       |       |       ||     3
       Distracted        |       |     1 |     4 |     4 |     8 |     8 ||    25
       Confused          |       |       |       |     3 |     3 |       ||     6
  Eat: Chunk             |     3 |    12 |     6 |    43 |    46 |    23 ||   133
       Ration            |       |     1 |     3 |     4 |       |       ||     8
Armor: Robe              |    26 |    59 |       |       |       |       ||    85
       Leather armour    |       |    19 |    10 |    28 |     8 |       ||    65
       Ring mail         |       |       |    74 |   132 |   198 |   151 ||   555
       Skin              |       |       |    94 |       |       |       ||    94
Dodge: Dodged            |    45 |   142 |   130 |   330 |   404 |   232 ||  1283
Block: Buckler           |       |       |     8 |    87 |    39 |       ||   134
       Shield            |       |       |       |       |   225 |   444 ||   669
       Reflection        |       |       |       |       |     2 |    56 ||    58
       Rpst.: Scimitar   |       |       |    15 |       |       |       ||    15

Table legend:
 A = Non-vault XP
 B = Vault XP
 C = Vault XP percentage of total XP
 D = Non-vault monster count
 E = Vault monster count
 F = Vault count percentage of total count
                 A         B        C        D         E       F
            +---------+---------+-------+---------+---------+-------
      Total |   84779 |  101176 |  54.4 |     556 |     265 |  32.3
            +---------+---------+-------+---------+---------+-------
        D:1 |      42 |       0 |   0.0 |      13 |       0 |   0.0
        D:2 |      61 |      23 |  27.4 |      28 |       1 |   3.4
        D:3 |      39 |       0 |   0.0 |      20 |       0 |   0.0
        D:4 |      89 |       0 |   0.0 |      11 |       0 |   0.0
        D:5 |     420 |      91 |  17.8 |      15 |       1 |   6.2
        D:6 |     446 |       0 |   0.0 |      15 |       0 |   0.0
        D:7 |    1419 |       0 |   0.0 |      36 |       0 |   0.0
        D:8 |    2177 |       0 |   0.0 |      27 |       0 |   0.0
        D:9 |    1472 |       0 |   0.0 |      20 |       0 |   0.0
       D:10 |    2747 |    1048 |  27.6 |      25 |      10 |  28.6
       D:11 |    1949 |    3063 |  61.1 |      14 |      11 |  44.0
       D:12 |    3327 |     988 |  22.9 |      33 |      25 |  43.1
       D:13 |    3111 |    3729 |  54.5 |      24 |       4 |  14.3
       D:14 |   10659 |   27691 |  72.2 |      36 |      54 |  60.0
       D:15 |   13772 |    2638 |  16.1 |      42 |       5 |  10.6
     Lair:1 |    3481 |    1165 |  25.1 |      21 |       3 |  12.5
     Lair:2 |    3313 |    3159 |  48.8 |       8 |       4 |  33.3
     Lair:3 |   12532 |     404 |   3.1 |      29 |       2 |   6.5
     Lair:4 |    6303 |    7439 |  54.1 |      26 |      14 |  35.0
     Lair:5 |    5146 |    6713 |  56.6 |      25 |      21 |  45.7
     Lair:6 |    4701 |   13838 |  74.6 |      17 |      30 |  63.8
      Orc:1 |    4490 |    2868 |  39.0 |      37 |       5 |  11.9
      Orc:2 |    3083 |   15785 |  83.7 |      34 |      34 |  50.0
      IceCv |       0 |   10534 | 100.0 |       0 |      41 | 100.0
            +---------+---------+-------+---------+---------+-------
